 Dungeon Crawl Stone Soup version 0.30-a0-218-gedb9141078 (webtiles) character file.

Game seed: 5565016954680764830

60 IdlyInterested the Firebug (level 3, 0/28 HPs)
             Began as a Demonspawn Wanderer on Oct 5, 2022.
             Succumbed to Crazy Yiuf's poison
             ... on level 3 of the Dungeon.
             The game lasted 00:08:25 (2627 turns).

IdlyInterested the Firebug (Demonspawn Wanderer)    Turns: 2627, Time: 00:08:26

Health: 0/28       AC:  4    Str:  9 (10) XL:     3   Next: 82%
Magic:  3/6        EV: 11    Int: 16 (19) God:
Gold:   122        SH:  5    Dex:  9 (10) Spells: 5/6 levels left

rFire   . . .      SeeInvis .    o - +1 hand axe
rCold   . . .      Faith    .    (no shield)
rNeg    . . .      Spirit   .    e - +0 leather armour
rPois   .          Reflect  +    (no helmet)
rElec   .          Harm     .    i - scarf {+Inv}
rCorr   +          Rampage  .    h - +0 pair of gloves
Will    .....                    (no boots)
Stlth   +.........               j - amulet of reflection
HPRegen 0.24/turn                x - ring of resist corrosion
MPRegen 0.10/turn                (no ring)

@: brilliant, lethally poisoned (0 -> -14)
A: hooves 1
a: Evoke Invisibility


You were on level 3 of the Dungeon.
You visited 1 branch of the dungeon, and saw 3 of its levels.

You collected 122 gold pieces.

Inventory:

Hand Weapons
 a - a +0 club
 f - a +0 dagger
 l - a +0 dagger
 m - a +0 short sword
 o - a +1 hand axe (weapon)
 u - a +0 spear
Armour
 c - a +0 robe
 e - a +0 leather armour (worn)
 h - a +0 pair of gloves (worn)
 i - a scarf of invisibility (worn)
 k - a +0 tower shield
 n - a +0 kite shield
Jewellery
 j - an amulet of reflection (around neck)
 x - a ring of resist corrosion (left hand)
Scrolls
 b - 2 scrolls of butterflies
 d - 4 scrolls of teleportation
 r - 2 scrolls of vulnerability
 s - a scroll of poison
 w - a scroll of acquirement {unknown}
 y - a scroll of identify {unknown}
Potions
 g - a potion of flight {unknown}
 p - a potion of invisibility {unknown}
 q - a potion of lignification {unknown}
 t - a potion of curing {unknown}
 v - a potion of haste {unknown}
 z - a potion of cancellation {unknown}
 A - a potion of brilliance


   Skills:
 + Level 2.4 Fighting
 * Level 1.5 Dodging
 - Level 1.0 Stealth
 * Level 2.1 Spellcasting
 - Level 1.0 Transmutations
 + Level 4.7 Fire Magic


You had 5 spell levels left.
You knew the following spells:

 Your Spells              Type           Power      Damage    Failure   Level
a - Foxfire               Conj/Fire      56%        2x1d6     11%         1

Your spell library contained the following spells:

 Spells                   Type           Power      Damage    Failure   Level
 Sting                    Tmut/Pois      16%        1d3       24%         1
 Sandblast                Erth           4%         2d4       28%         1
 Inner Flame              Hex/Fire       14%        N/A       32%         3
 Passwall                 Tmut/Erth      3%         N/A       34%         2
 Ignite Poison            Fire/Tmut/Pois 11%        N/A       36%         3
 Hailstorm                Conj/Ice       2%         3d3       65%         3
 Stone Arrow              Conj/Erth      4%         3d7       65%         3
 Flame Wave               Conj/Fire      14%        2d6       71%         4
 Ice Form                 Ice/Tmut       4%         N/A       93%         4
 Simulacrum               Ice/Necr       1%         N/A       100%        6


Dungeon Overview and Level Annotations

Branches:
Dungeon (3/15)

Altars:
Fedhas

Annotations:
D:3 Crazy Yiuf


Innate Abilities, Weirdness & Mutations

You have large cloven feet.


Message History

Things that are here:
a +0 club; an orc skeleton
There is an open door here.
There is a stone staircase leading up here.
You open the door.
Crazy Yiuf shouts!
Crazy Yiuf cries, "You leg down broken song, no?"
Crazy Yiuf says, "Fire!"
You open the door. Crazy Yiuf attacks as you move away! Crazy Yiuf misses you.
Casting: Foxfire (safe; 11% risk of failure)
Press: ? - help, Q - select action, (/) - cycle Dir - look around, f - activate You conjure some foxfire!
Crazy Yiuf barely misses you.
You closely miss Crazy Yiuf.
The foxfire hits Crazy Yiuf but does no damage. x2
Crazy Yiuf misses you.
Casting: Foxfire (safe; 11% risk of failure)
Press: ? - help, Q - select action, (/) - cycle Dir - look around, f - activate You conjure some foxfire!
Crazy Yiuf yells, "Trifle sing-song tea!"
Crazy Yiuf hits you with a +3 quarterstaff of chaos!
You are poisoned.
Casting: Foxfire (safe; 11% risk of failure)
Press: ? - help, Q - select action, (/) - cycle Dir - look around, f - activate You conjure some foxfire!
You feel very sick.
The foxfire hits Crazy Yiuf.
Crazy Yiuf is lightly wounded.
The foxfire hits Crazy Yiuf but does no damage.
Crazy Yiuf is lightly wounded.
Crazy Yiuf grits, "Iron horse unthinkable!"
Crazy Yiuf hits you with a +3 quarterstaff of chaos!
* * * LOW HITPOINT WARNING * * *
Crazy Yiuf burns you.
* * * LOW HITPOINT WARNING * * *
Unknown command.
It was a potion of brilliance.
You feel clever all of a sudden.
You die...

.######.#.#...#.##########.#.#
.'...........>(............#.#
.######)####.#################
.# #.......# ## #..####.#
#.......##♣♣ ###
######.##..#....♣♣ ♣♣#..)#
...............§v♣♣♣♣.'...#
.....#.#.......§@g♣..♣#...#
.....#.#.......v.♣.♣♣♣ ###
.....#.#.....##♣♣♣♣♣
.....#.#.....# #####
......)#<....## ####### #....
.....#........# #.#...# #####
.....#.#).#...# #.#.##### #
.....#.#..#...# #.#.....# #
..........(...#######.#####.#
#


You could see Crazy Yiuf (ally target).

Vanquished Creatures
  An adder (D:3)
  A worm (D:2)
  An orc (D:3)
  5 ball pythons
  3 endoplasms (D:1)
  2 giant cockroaches
  9 goblins
  5 hobgoblins
  2 quokkas
  4 bats
  A frilled lizard (D:1)
  2 kobolds
  10 rats
46 creatures vanquished.

Vanquished Creatures (others)
  86 foxfires
86 creatures vanquished.

Grand Total: 132 creatures vanquished

Notes
Turn   | Place    | Note
-------+----------+-------------------------------------------
     0 | D:1      | IdlyInterested the Demonspawn Wanderer began the quest for
                  | the Orb.
     0 | D:1      | IdlyInterested set off with the following items: a +0 club,
                  | a scroll of butterflies, a +0 robe, a scroll of
                  | teleportation; and the following spells available to
                  | memorise: Foxfire, Sting, Inner Flame, Ignite Poison, Flame
                  | Wave.
     0 | D:1      | Reached XP level 1. HP: 16/16 MP: 2/2
     2 | D:1      | Learned a level 1 spell: Foxfire
   219 | D:1      | Gained mutation: You have large cloven feet. [demonic
                  | ancestry]
   219 | D:1      | Reached XP level 2. HP: 21/22 MP: 0/4
   546 | D:1      | Reached skill level 1 in Dodging
   927 | D:1      | Reached XP level 3. HP: 27/27 MP: 3/5
  1363 | D:2      | Found a faded altar of an unknown god.
  2180 | D:3      | Found a runed translucent door.
  2181 | D:3      | Noticed Crazy Yiuf
  2388 | D:3      | Found a blossoming altar of Fedhas.
  2627 | D:3      | Succumbed to Crazy Yiuf's poison

Illustrated notes

Levels and vault maps discovered:
D:1:      dpeg_arrival_refuge, layout_loops_cross, minmay_misc_feat_columns,
          minmay_hexomino_p4
D:2:      layout_rooms, ebering_ecumenical_altar_box
D:3:      layout_basic, mainiacjoe_overflow_paths, uniq_crazy_yiuf_cottage

Skill      XL: |  1  2  3 |
---------------+----------+-----
Dodging        | 1 |  1.5
Spellcasting   | 2 |  2.1
Fighting       | |  2.4
Stealth        | |  1.0
Transmutations | |  1.0
Fire Magic     | |  4.7

Action                   || total
-------------------------++-------
Melee: Club              ||    16
       Short sword       ||    31
       Kick              ||    14
       Hand axe          ||    11
 Cast: Foxfire           ||    52
  Use: Scroll            ||     5
       Potion            ||     2
 Stab: Sleeping          ||     2
Armor: Leather armour    ||    17
       Robe              ||     1
Dodge: Dodged            ||    26
Block: Other             ||     6

Table legend: (Time is in decaauts)
 A = Elapsed time spent in this place.
 B = Non-inter-level travel time spent in this place.
 C = Inter-level travel time spent in this place.
 D = Time resting spent in this place.
 E = Time spent auto-exploring this place.
 F = Levels seen in this place.
 G = Mean time per level.
                   A        B        C        D        E       F      G
               +--------+--------+--------+--------+--------+-----+--------+
         Total |   2634 |   2492 |    142 |    310 |   1642 |   3 |  878.0 |
       Dungeon |   2634 |   2492 |    142 |    310 |   1642 |   3 |  878.0 |
               +--------+--------+--------+--------+--------+-----+--------+

Top non-repeatable levels by time:
     D:1: 1088 daAuts
     D:3: 902 daAuts
     D:2: 643 daAuts
